AoeStats
← DeSong

Oasis

509431893Analyzed
4v4 RM · 5d ago on Sep 26, 2026· 57m 41s· 8 players
Game mode
Random Map
Map size
Large (8 player)
Population
200
Speed
Normal
Resources
Standard
Victory
Conquest
Starting age
Dark Age
Ending age
Imperial Age
RankedLock teamsTeams togetherTeam positionsShared explorationLock speedFull tech treeHidden civsTurbo modeCheats
Victory
Defeat
🇰🇿 Chinese · Kazakhstan
978
+15
🇰🇿 Britons · Kazakhstan
968
+15
🇬🇧 Khmer · United Kingdom
957
+16
🇩🇰 Magyars · Denmark
957
+16
🇺🇸 Mapuche · United States
973
-17
🇹🇼 Wei · Taiwan
970
-16
🇺🇸 Turks · United States
945
-15
🇺🇸 Sicilians · United States
909
-14
bangoboom
11:33 Feudal Age
12:45 Horse Collar
12:52 Double-Bit Axe
18:36 Castle Age
16:59 Stone Mining
20:11 Heavy Plow
20:23 Bow Saw
25:02 Loom
27:50 Gold Mining
28:35 Stone Shaft Mining
28:37 Wheelbarrow
27:48 Town Watch
31:56 Imperial Age
30:12 Gold Shaft Mining
30:12 Stone Shaft Mining
30:18 Tusk Swords
30:42 Forging
30:23 Fletching
30:55 Ballistics
31:02 Scale Barding Armor
32:17 Iron Casting
32:50 Double Crossbow
33:10 Conscription
33:33 Elite Ballista Elephant
34:59 Crop Rotation
35:23 Hoardings
36:14 Chemistry
36:18 Blast Furnace
35:13 Bodkin Arrow
38:53 Chain Barding Armor
38:29 Bodkin Arrow
38:42 Siege Engineers
44:58 Plate Barding Armor
44:23 Bracer
50:44 Light Cavalry
51:26 Husbandry
51:36 Bloodlines
maltheh9797
3:15 Loom
11:58 Feudal Age
16:05 Castle Age
14:11 Double-Bit Axe
17:09 Bow Saw
26:29 Wheelbarrow
25:40 Town Watch
27:45 Scale Barding Armor
28:35 Hand Cart
28:29 Corvinian Army
36:56 Imperial Age
38:03 Conscription
37:59 Elite Magyar Huszar
39:07 Chain Barding Armor
40:56 Fletching
41:07 Padded Archer Armor
41:25 Bloodlines
40:36 Light Cavalry
41:24 Recurve Bow
42:08 Plate Barding Armor
41:35 Bodkin Arrow
41:25 Elite Skirmisher
43:06 Husbandry
43:13 Hussar
43:37 Horse Collar
48:59 Leather Archer Armor
51:28 Two-Man Saw
51:51 Chemistry
51:12 Ballistics
52:11 Ring Archer Armor
51:50 Cavalier
53:44 Thumb Ring
DeSong
0:42 Loom
11:44 Feudal Age
16:37 Castle Age
15:01 Horse Collar
16:09 Double-Bit Axe
19:21 Bow Saw
25:23 Heavy Plow
27:41 Thumb Ring
27:40 Fletching
28:37 Bodkin Arrow
29:54 Padded Archer Armor
34:41 Imperial Age
34:21 Ballistics
35:16 Wheelbarrow
34:26 Town Watch
36:57 Chemistry
36:05 Bracer
36:21 Leather Archer Armor
38:30 Ring Archer Armor
38:30 Elite Chu Ko Nu
39:24 Caravan
44:01 Two-Man Saw
43:49 Bombard Tower
43:49 Gold Mining
46:14 Capped Ram
47:32 Siege Ram
56:30 Husbandry
56:41 Bloodlines
56:37 Scale Barding Armor
56:43 Forging
56:01 Light Cavalry
56:19 Light Cavalry
WAnds | Loki
0:27 Loom
12:37 Feudal Age
17:09 Castle Age
15:39 Stone Mining
18:26 Double-Bit Axe
18:24 Horse Collar
19:08 Heavy Plow
21:22 Bow Saw
24:28 Gold Mining
27:50 Gold Shaft Mining
31:30 Imperial Age
30:07 Yeomen
29:46 Fletching
29:57 Padded Archer Armor
30:56 Wheelbarrow
30:09 Town Watch
30:35 Caravan
31:35 Bodkin Arrow
31:55 Leather Archer Armor
32:03 Elite Longbowman
33:12 Ballistics
33:52 Chemistry
33:39 Siege Engineers
34:36 Chemistry
34:08 Hand Cart
35:35 Conscription
35:28 Bracer
36:18 Ring Archer Armor
42:09 Coinage
44:01 Crossbowman
44:47 Arbalester
44:53 Elite Skirmisher
52:53 Banking
55:49 Warwolf
56:28 Hoardings
55:23 Sappers
Goob
1:00 Loom
10:44 Feudal Age
11:25 Double-Bit Axe
14:27 Wheelbarrow
17:46 Castle Age
16:51 Gold Mining
16:55 Stone Mining
20:00 Horse Collar
20:44 Bloodlines
20:35 Husbandry
26:15 Heavy Plow
27:02 Bow Saw
29:09 Hand Cart
34:14 Imperial Age
31:31 Town Watch
35:22 Ballistics
36:01 Conscription
37:21 Scale Mail Armor
37:25 Padded Archer Armor
46:51 Leather Archer Armor
Richard Nixon
12:41 Feudal Age
13:28 Double-Bit Axe
14:02 Horse Collar
16:54 Wheelbarrow
19:17 Castle Age
18:01 Loom
19:12 Fletching
19:19 Gold Mining
21:21 Bow Saw
21:13 Heavy Plow
22:37 Padded Archer Armor
22:35 Bodkin Arrow
23:22 Padded Archer Armor
26:09 Hand Cart
25:49 Town Watch
34:09 Imperial Age
33:07 Leather Archer Armor
33:50 Ballistics
34:45 Gold Shaft Mining
34:04 Stone Mining
35:22 Ring Archer Armor
35:19 Conscription
34:39 Elite Bolas Rider
37:06 Chemistry
36:54 Malon
37:24 Butalmapu
37:34 Elite Skirmisher
40:58 Crop Rotation
43:37 Elite Kona
45:15 Scale Mail Armor
45:25 Forging
49:16 Chain Mail Armor
49:36 Iron Casting
ChewedGizmo
11:04 Feudal Age
18:08 Castle Age
16:09 Gold Mining
16:10 Double-Bit Axe
18:06 Fletching
20:11 Crossbowman
22:50 Bow Saw
26:34 Wheelbarrow
27:31 Ballistics
27:12 Bodkin Arrow
27:19 Padded Archer Armor
28:47 Bloodlines
28:38 Husbandry
32:41 Leather Archer Armor
35:13 Hand Cart
37:34 Imperial Age
35:25 Hand Cart
38:18 Onager
39:15 Siege Engineers
40:11 Chemistry
39:44 Onager
41:58 Forging
41:56 Scale Barding Armor
41:15 Cavalier
44:34 Iron Casting
44:20 Chain Barding Armor
46:39 Blast Furnace
46:34 Hauberk
51:29 Onager
53:07 Siege Onager
hamelnkai
0:31 Loom
14:45 Feudal Age
15:22 Feudal Age
16:37 Town Watch
16:34 Horse Collar
17:45 Double-Bit Axe
21:38 Castle Age
20:23 Stone Mining
20:53 Fletching
21:05 Gold Mining
23:00 Heavy Plow
28:23 Bow Saw
30:46 Husbandry
30:56 Bloodlines
30:11 Light Cavalry
32:23 Wheelbarrow
32:49 Gold Shaft Mining
35:39 Imperial Age
34:25 Hand Cart
34:16 Scale Barding Armor
34:22 Forging
35:31 Chain Barding Armor
35:47 Town Patrol
35:50 Tuntian
36:33 Iron Casting
35:54 Bodkin Arrow
36:36 Caravan
37:01 Conscription
37:08 Ming Guang Armor
36:08 Heavy Hei Guang Cavalry
36:36 Treadmill Crane
38:15 Crop Rotation
38:07 Masonry
38:09 Fortified Wall
37:54 Murder Holes
42:03 Blast Furnace
41:00 Bodkin Arrow
43:05 Onager
46:39 Hussar
49:13 Pikeman
49:53 Squires
49:39 Arson
Connection lost

Rejoining the realm…

Still unreachable

The connection could not be restored.

Session expired

The server has moved on; the page needs a fresh start.